AoeStats
← kolemy

Hideout

503240657Analyzed
3v3 RM · 1mo ago on Aug 30, 2026· 50m 34s· 6 players
Game mode
Random Map
Map size
Normal (6 player)
Population
200
Speed
Normal
Resources
Standard
Victory
Conquest
Starting age
Dark Age
Ending age
Imperial Age
RankedLock teamsTeams togetherTeam positionsShared explorationLock speedFull tech treeHidden civsTurbo modeCheats
Victory
Defeat
🇵🇷 Huns · Puerto Rico
578
+13
🇬🇹 Vietnamese · Guatemala
520
+15
🇨🇦 Koreans · Canada
437
+19
🇨🇱 Khmer · Chile
595
-20
🇹🇷 Bohemians · Türkiye
531
-17
🇨🇴 Inca · Colombia
396
-11
DAZACO
11:44 Feudal Age
17:05 Castle Age
17:17 Wheelbarrow
16:38 Gold Mining
16:48 Double-Bit Axe
17:06 Horse Collar
18:23 Bow Saw
20:53 Heavy Plow
23:48 Hand Cart
23:32 Fletching
24:25 Gold Shaft Mining
23:41 Stone Mining
25:15 Bodkin Arrow
28:22 Scale Mail Armor
28:33 Forging
34:11 Iron Casting
33:52 Chain Mail Armor
34:48 Stone Shaft Mining
34:51 Squires
34:19 Pikeman
43:47 Imperial Age
41:08 Loom
41:09 Town Watch
42:23 Elite Skirmisher
42:57 Arson
43:55 Elite Fire Lancer
45:10 Plate Mail Armor
44:41 Bracer
44:52 Scale Barding Armor
44:12 Cavalier
44:53 Husbandry
44:17 Halberdier
44:25 Imperial Skirmisher
46:24 Chemistry
45:44 Ballistics
45:31 Siege Engineers
45:12 Arrowslits
45:39 Fortified Wall
45:39 Masonry
45:25 Murder Holes
45:13 Treadmill Crane
45:45 Heavy Rocket Cart
47:46 Capped Ram
kolemy
0:48 Loom
13:23 Feudal Age
13:31 Feudal Age
14:21 Horse Collar
14:28 Double-Bit Axe
18:55 Wheelbarrow
18:05 Town Watch
24:22 Castle Age
25:10 Gold Mining
25:11 Stone Mining
26:48 Husbandry
27:05 Fletching
33:22 Herbal Medicine
35:01 Bow Saw
35:04 Caravan
37:28 Hand Cart
37:14 Town Patrol
46:20 Imperial Age
43:56 Treadmill Crane
44:12 Murder Holes
44:38 Ballistics
44:28 Heavy Plow
46:00 Chatras
46:40 Bodkin Arrow
46:46 Padded Archer Armor
46:47 Scale Mail Armor
46:53 Scale Barding Armor
47:00 Forging
50:10 Chemistry
49:48 Crop Rotation
50:24 Two-Man Saw
49:03 Crossbowman
49:48 Thumb Ring
randomplayer
1:31 Loom
9:28 Feudal Age
9:58 Double-Bit Axe
9:58 Horse Collar
18:43 Wheelbarrow
21:28 Castle Age
20:35 Scale Barding Armor
20:43 Forging
20:35 Stone Mining
22:44 Bow Saw
22:49 Bloodlines
23:52 Husbandry
24:25 Gold Mining
25:54 Gold Shaft Mining
26:40 Iron Casting
27:09 Chain Barding Armor
Vivitch
0:48 Loom
ORION
3:51 Loom
12:50 Feudal Age
19:28 Castle Age
17:31 Double-Bit Axe
18:01 Horse Collar
20:06 Wheelbarrow
22:03 Heavy Plow
24:30 Hand Cart
24:02 Pikeman
37:52 Imperial Age
35:54 Bow Saw
38:14 Forging
38:07 Scale Mail Armor
39:19 Chemistry
43:04 Halberdier
46:30 Two-Man Saw
46:33 Town Watch
Wolfxet
Connection lost

Rejoining the realm…

Still unreachable

The connection could not be restored.

Session expired

The server has moved on; the page needs a fresh start.